 Dungeon Crawl Stone Soup version 0.25-a0-277-g7046ed1b37 (webtiles) character file.

Game seed: 14447079274949923545, levelgen mode: deterministic

32 Jerej03 the Skirmisher (level 3, -1/29 HPs)
             Began as a Demonspawn Chaos Knight on Dec 9, 2019.
             Was a Plaything of Xom.
             Killed by a distortion unwield (30 damage)
             ... on level 2 of the Dungeon.
             The game lasted 00:09:44 (695 turns).

Jerej03 the Skirmisher (Demonspawn Chaos Knight)     Turns: 695, Time: 00:09:45

Health: -1/29      AC:  5    Str: 13    XL:     3   Next: 10%
Magic:  3/3        EV: 10    Int: 13    God:    Xom [..*...]
Gold:   80         SH:  3    Dex: 12    Spells: 2/2 levels left

rFire    . . .     SeeInvis .   (no weapon)
rCold    . . .     Gourm    .   (no shield)
rNeg     . . .     Faith    .   o - +0 ring mail
rPois    .         Spirit   .   (helmet restricted)
rElec    .         Reflect  +   (no cloak)
rCorr    .         Harm     .   (no gloves)
MR       .....                  (no boots)
Stlth    +.........             i - +3 amulet of reflection
HPRegen  0.09/turn              (no ring)
MPRegen  0.08/turn              (no ring)

@: no status effects
A: horns 1, powered by death 1
a: Renounce Religion


You were on level 2 of the Dungeon.
You worshipped Xom.
You were a toy of Xom.
You were not hungry.

You visited 1 branch of the dungeon, and saw 2 of its levels.

You collected 80 gold pieces.

Inventory:

Hand Weapons
 a - a +0 hand axe of chaos
 j - a +0 dagger
 n - a +2 hand axe of distortion
Armour
 b - a +2 leather armour
 o - a +0 ring mail (worn)
Jewellery
 i - a +3 amulet of reflection (around neck)
Scrolls
 d - a scroll of teleportation {unknown}
 f - 2 scrolls of immolation {unknown}
 h - a scroll of fog {unknown}
 l - 2 scrolls of identify {unknown}
 m - a scroll of remove curse {unknown}
Potions
 e - a potion of haste {unknown}
 g - a potion of curing {unknown}
 k - 2 potions of might {unknown}
Comestibles
 c - 3 rations


   Skills:
 + Level 3.5 Fighting
 * Level 3.3 Axes
 + Level 2.0 Armour
 + Level 0.9 Dodging


You had 2 spell levels left.
You didn't know any spells.
Your spell library was empty.

Dungeon Overview and Level Annotations

Branches:
Dungeon (2/15)

Altars:

Annotations:
D:2 Natasha


Innate Abilities, Weirdness & Mutations

You have a pair of small horns on your head.
You regenerate a little health from kills.


Message History

You start removing your armour.
You continue taking off your +2 leather armour. x4
You finish taking off your +2 leather armour.
You start putting on your armour.
You continue putting on your ring mail. x5
You finish putting on your +0 ring mail.
Your library has no spells.
Things that are here:
a cursed +0 dagger; 2 stones; a kobold corpse
Found 12 stones.
A jackal comes into view.
The jackal barks!
An adder comes into view.
There are monsters nearby!
Natasha and a dart slug come into view.
Natasha hisses angrily.
The adder hisses angrily.
A bat comes into view.
You are crushed and pinned by an extremely strong localised spatial distortion!
Ouch! That really hurt!
You die...
Xom roars with laughter!

#.#.# .#
#.#.# #
#.#.#
#.#.#
#.#.#
#.#.# #.#
#.# #@#
#.# ...
....h
#..(.h.
#.....S.
#.......w
#...b.....


You could see Natasha, an adder, a dart slug, a jackal and a bat.

Vanquished Creatures
  An ooze (D:1)
  A dart slug (D:1)
  A leopard gecko (D:1)
  2 ball pythons (D:1)
  A giant cockroach (D:1)
  4 goblins (D:1)
  4 hobgoblins (D:1)
  3 bats (D:1)
  A frilled lizard (D:1)
  6 kobolds
  2 rats (D:1)
26 creatures vanquished.

Notes
Turn   | Place    | Note
-------+----------+-------------------------------------------
     0 | D:1      | Jerej03 the Demonspawn Chaos Knight began the quest for the
                  | Orb.
     0 | D:1      | Reached XP level 1. HP: 18/18 MP: 1/1
    26 | D:1      | XOM: potion effect (agility)
    43 | D:1      | XOM: harmless Erth miscast
    90 | D:1      | Gained mutation: You have a pair of small horns on your
                  | head. [demonic ancestry]
    90 | D:1      | Reached XP level 2. HP: 24/24 MP: 2/2
   163 | D:1      | XOM: harmless Necr miscast
   482 | D:1      | Gained mutation: You regenerate a little health from kills.
                  | [demonic ancestry]
   482 | D:1      | Reached XP level 3. HP: 27/29 MP: 3/3
   605 | D:1      | XOM: harmless Hex miscast
   694 | D:2      | Noticed Natasha
   695 | D:2      | Killed by a distortion unwield

Levels and vault maps discovered:
D:1:      grunt_arrival_crossed_arrows, layout_loops_ring
D:2:      layout_loops_ring, chequers_ecumenical_altar_twisty,
          grunt_gozag_breadcrumbs, uniq_sigmund, uniq_jessica, uniq_natasha

Skill      XL: |  1  2 |
---------------+-------+-----
Axes           | 3 |  3.3
Armour         | 2 |  2.0
Fighting       | |  3.5
Dodging        | |  0.9

Action                   || total
-------------------------++-------
Melee: Hand axe          ||    72
       Headbutt          ||    10
 Stab: Paralysed         ||     1
Armor: Leather armour    ||    18
Dodge: Dodged            ||    44
Block: Other             ||     3

Table legend:
 A = Non-vault XP
 B = Vault XP
 C = Vault XP percentage of total XP
 D = Non-vault monster count
 E = Vault monster count
 F = Vault count percentage of total count
                 A         B        C        D         E       F
            +---------+---------+-------+---------+---------+-------
      Total |      47 |       0 |   0.0 |      26 |       0 |   0.0
            +---------+---------+-------+---------+---------+-------
        D:1 |      46 |       0 |   0.0 |      25 |       0 |   0.0
        D:2 |       1 |       0 |   0.0 |       1 |       0 |   0.0
            +---------+---------+-------+---------+---------+-------
